 Dungeon Crawl Stone Soup version 0.30-a0-322-g102857c98e (webtiles) character file.

Game seed: 9604219881544279536

665 bande the Chopper (level 7, -2/61 HPs)
             Began as a Hill Orc Fighter on Oct 27, 2022.
             Was an Initiate of Beogh.
             Killed from afar by hgbash's ghost (5 damage)
             ... with a magic dart
             ... on level 5 of the Dungeon.
             The game lasted 00:06:05 (4579 turns).

bande the Chopper (Hill Orc Fighter)                Turns: 4579, Time: 00:06:05

Health: -2/61      AC: 11    Str: 19    XL:     7   Next: 57%
Magic:  7/8        EV:  7    Int:  8    God:    Beogh [......]
Gold:   335        SH:  5    Dex: 12    Spells: 6/6 levels left

rFire   + . .      SeeInvis .    a - +1 war axe
rCold   . . .      Faith    .    c - +0 buckler
rNeg    . . .      Spirit   .    w - +0 chain mail
rPois   +          Reflect  .    (no helmet)
rElec   .          Harm     .    v - +0 cloak
rCorr   .          Rampage  .    (no gloves)
Will    .....                    (no boots)
Stlth   ..........               (no amulet)
HPRegen 0.30/turn                f - ring of poison resistance
MPRegen 0.11/turn                s - ring of protection from fire

@: no status effects
A: no striking features
a: Renounce Religion


You were on level 5 of the Dungeon.
You worshipped Beogh.
Beogh was noncommittal.
You visited 1 branch of the dungeon, and saw 5 of its levels.

You collected 335 gold pieces.

Inventory:

Hand Weapons
 a - a +1 war axe (weapon)
Armour
 c - a +0 buckler (worn)
 v - a +0 cloak (worn)
 w - a +0 chain mail (worn)
Jewellery
 f - a ring of poison resistance (left hand)
 s - a ring of protection from fire (right hand)
 t - an amulet of the acrobat
Wands
 o - a wand of quicksilver (15)
Scrolls
 b - a scroll of magic mapping
 d - a scroll of enchant armour {unknown}
 p - 3 scrolls of teleportation
 u - a scroll of fear
Potions
 k - a potion of mutation
 m - 3 potions of curing
 n - a potion of cancellation
 q - 2 potions of lignification {unknown}


   Skills:
 + Level 5.0 Fighting
 + Level 7.3 Axes
 + Level 5.2 Armour
 + Level 4.3 Shields
 * Level 1.3 Invocations
 * Level 2.1 Evocations


You had 6 spell levels left.
You didn't know any spells.
Your spell library contained the following spells:

 Spells                   Type           Power      Damage    Failure   Level
 Shock                    Conj/Air       0%         1d3       99%         1
 Summon Small Mammal      Summ           0%         N/A       99%         1
 Cigotuvi's Dreadful Rot  Necr/Pois/Air  0%         N/A       100%        2
 Poisonous Vapours        Pois/Air       0%         N/A       100%        2
 Call Canine Familiar     Summ           0%         N/A       100%        3
 Mephitic Cloud           Conj/Pois/Air  0%         N/A       100%        3
 Summon Guardian Golem    Hex/Summ       0%         N/A       100%        3
 Swiftness                Air            0%         N/A       100%        3
 Airstrike                Air            0%         2d(0-16)  100%        4
 Conjure Ball Lightning   Conj/Air       0%         3x3d6     100%        6
 Discord                  Hex            0%         N/A       100%        8
 Disjunction              Tloc           0%         N/A       100%        8


Dungeon Overview and Level Annotations

Branches:
Dungeon (5/15)
 Temple: D:4-7

Altars:
Dithmenos
Fedhas
Hepliaklqana
Nemelex Xobeh
Trog
The Shining One
Beogh

Annotations:
D:5 hgbash's ghost, novice SpCj


Message History

You hit the orc warrior but do no damage.
The orc warrior is heavily wounded.
The orc warrior closely misses you.
You closely miss the orc warrior.
The orc warrior is heavily wounded.
The orc priest mumbles some strange prayers to Beogh against you.
Beogh smites you! You block the orc warrior's attack.
The orc warrior hits you with a +0 flail!
You hit the orc warrior.
The orc warrior is severely wounded.
The orc warrior hits you with a +0 flail.
You closely miss the orc warrior.
The orc warrior is severely wounded.
The orc priest looks satisfied for a moment.
The orc warrior hits you with a +0 flail.
You hit the orc warrior.
The orc warrior is almost dead.
The orc warrior hits you with a +0 flail.
You hit the orc warrior but do no damage.
The orc warrior is almost dead.
The orc warrior hits you with a +0 flail.
* * * LOW HITPOINT WARNING * * *
You slash the orc warrior!
You kill the orc warrior!
Beogh accepts your kill.
Your Fighting skill increases to level 5!
Your Invocations skill increases to level 1!
Your Evocations skill increases to level 2!
You miss hgbash's ghost.
The orc priest mumbles some strange prayers to Beogh against you.
Beogh smites you!
* * * LOW HITPOINT WARNING * * *
You block hgbash's ghost's attack.
The orc hits you from afar with a +0 glaive.
* * * LOW HITPOINT WARNING * * *
Hgbash's ghost hits you but does no damage.
The orc hits you but does no damage. Hgbash's ghost casts a spell at you.
The magic dart hits you.
You die...

##.#.###.o...###.#.#
##.#....#####....#.#
##.#.............#.#
##.######'oo######.#
##.8.......oo.ooo8##
............W..ooo#
...........#####W##
#######.#### #)# #.#
#@# #.########.#
#..........#
############


You could see an orc priest, hgbash's ghost and 4 orcs.

Vanquished Creatures
  Sigmund (D:2)
  An orc warrior (D:5)
  A kobold brigand (D:4)
  A howler monkey (D:5)
  3 hounds (D:5)
  An orc priest (D:5)
  An orc wizard (D:5)
  4 adders
  2 shadow imps (D:5)
  2 white imps (D:5)
  An ufetubus (D:2)
  A worm (D:3)
  A dart slug (D:3)
  9 orcs
  7 ball pythons
  8 endoplasms
  2 giant cockroaches
  4 goblins
  5 hobgoblins
  7 jackals (D:4)
  23 kobolds
  3 quokkas
  6 bats
  3 frilled lizards
  4 rats
101 creatures vanquished.

Vanquished Creatures (others)
  An ufetubus (D:5)
  17 plants (D:4)
18 creatures vanquished.

Grand Total: 119 creatures vanquished

Notes
Turn   | Place    | Note
-------+----------+-------------------------------------------
     0 | D:1      | bande the Hill Orc Fighter began the quest for the Orb.
     0 | D:1      | Reached XP level 1. HP: 19/19 MP: 1/1
   125 | D:1      | Reached XP level 2. HP: 27/27 MP: 2/2
   146 | D:1      | Found a faded altar of an unknown god.
   263 | D:1      | Reached skill level 3 in Axes
   685 | D:2      | Reached XP level 3. HP: 31/33 MP: 3/3
  1040 | D:2      | Noticed Sigmund
  1052 | D:2      | Killed Sigmund
  1053 | D:2      | Reached skill level 5 in Axes
  1053 | D:2      | Reached XP level 4. HP: 31/41 MP: 4/4
  1053 | D:2      | Reached XP level 5. HP: 35/47 MP: 5/5
  1407 | D:3      | Found a hazy altar of Hepliaklqana.
  1607 | D:3      | Found a sparkling altar of Nemelex Xobeh.
  1607 | D:3      | Found a blossoming altar of Fedhas.
  1901 | D:4      | Reached XP level 6. HP: 52/53 MP: 6/6
  1970 | D:4      | Found a glowing golden altar of the Shining One.
  2244 | D:4      | Reached skill level 6 in Axes
  3333 | D:5      | Entered Level 5 of the Dungeon
  3346 | D:5      | Found a shadowy altar of Dithmenos.
  3367 | D:5      | Reached skill level 1 in Evocations
  3744 | D:5      | Became a worshipper of Beogh the Brigand
  3767 | D:5      | Found a bloodstained altar of Trog.
  3799 | D:5      | Reached XP level 7. HP: 55/60 MP: 7/7
  3880 | D:5      | Reached skill level 5 in Armour
  4119 | D:5      | Reached skill level 7 in Axes
  4195 | D:5      | Identified the +8 chain mail of Boemiysyaku {rPois rN+
                  | Dex-2}
  4199 | D:5      | Noticed hgbash's ghost (novice SpCj)
  4224 | D:5      | Found a runed translucent gate.
  4225 | D:5      | Found a runed translucent gate.
  4226 | D:5      | Found a runed translucent gate.
  4545 | D:5      | Found a roughly hewn altar of Beogh.
  4578 | D:5      | Reached skill level 5 in Fighting
  4578 | D:5      | Reached skill level 1 in Invocations
  4578 | D:5      | HP: 3/61 [orc/+0 glaive (2)]
  4579 | D:5      | Killed from afar by hgbash's ghost

Illustrated notes

Levels and vault maps discovered:
D:1:      tarquinn_simple_flora_water_b, layout_basic,
          ebering_ecumenical_altar_hall, minmay_heptomino_l4
D:2:      layout_basic, uniq_sigmund
D:3:      layout_basic, gammafunk_temple_overflow_pools, general_overflow_altar
D:4:      kennysheep_kobold_camp, layout_gridville,
          mainiacjoe_overflow_cross_hatched, sigmund_army
D:5:      minmay_inner_zag, layout_loops_ring, nicolae_dithmenos_the_darkroom,
          mainiacjoe_overflow_alcove_1, biasface_ghost_orc_armoury

Skill      XL: |  1  2  3  4  5  6  7 |
---------------+----------------------+-----
Axes           | 3 5 6 7 |  7.3
Fighting       | 4 5 |  5.0
Armour         | 4 5 |  5.2
Shields        | 4 |  4.3
Evocations     | 1 2 |  2.1
Invocations    | 1 |  1.3

Action                   |  1- 3 |  4- 6 |  7- 9 || total
-------------------------+-------+-------+-------++-------
Melee: War axe           |    78 |   184 |    44 ||   306
Invok: Convert to Beogh  |       |     1 |       ||     1
  Use: Potion            |     1 |       |       ||     1
       Scroll            |       |    12 |       ||    12
 Stab: Distracted        |       |       |     2 ||     2
Armor: Scale mail        |    36 |    73 |       ||   109
       Chain mail        |       |     4 |    16 ||    20
Dodge: Dodged            |    41 |    80 |    10 ||   131
Block: Buckler           |    19 |    40 |    11 ||    70

Table legend: (Time is in decaauts)
 A = Elapsed time spent in this place.
 B = Non-inter-level travel time spent in this place.
 C = Inter-level travel time spent in this place.
 D = Time resting spent in this place.
 E = Time spent auto-exploring this place.
 F = Levels seen in this place.
 G = Mean time per level.
                   A        B        C        D        E       F      G
               +--------+--------+--------+--------+--------+-----+--------+
         Total |   4663 |   4598 |     65 |    525 |   3346 |   5 |  932.6 |
       Dungeon |   4663 |   4598 |     65 |    525 |   3346 |   5 |  932.6 |
               +--------+--------+--------+--------+--------+-----+--------+

Top non-repeatable levels by time:
     D:4: 1465 daAuts
     D:5: 1261 daAuts
     D:2: 757 daAuts
     D:1: 595 daAuts
     D:3: 584 daAuts
